Map: [ESL] Ghost River

Players

trigger - Winner!

  • Race: Protoss Protoss
  • Spawn Location: 11:00

Scarlett

  • Race: Zerg Zerg
  • Spawn Location: 1:00

Event: ESL SC2 Masters 2024 Spring (Regional)

VOD

Have the link to the VOD?

Description

Time

  • Played on: May 4, 2024, 3:50 p.m.
  • Length: 8:25

All games in this series

Show
View Real Time Build Order
Export as new Build Order

trigger Protoss - Winner!

Build Orders: 1 Gate Expand, Blink Stalkers 

Get SALT Encoding   

  12  0:00  Probe  
  13  0:12  Probe  
  14  0:18  Pylon  
  14  0:24  Probe (Chrono Boost)  
  15  0:37  Probe (Chrono Boost), Gateway  
  16  0:45  Probe (Chrono Boost)  
  16  0:46  Assimilator  
  17  0:51  Probe  
  18  1:03  Probe  
  19  1:16  Probe  
  20  1:21  Nexus  
  20  1:30  Cybernetics Core  
  20  1:36  Assimilator  
  20  1:38  Probe  
  21  1:50  Probe  
  21  1:51  Pylon  
  22  2:02  Probe  
  22  2:07  Stalker (Chrono Boost)  
  23  2:14  Probe  
  26  2:18  Warp Gate  
  26  2:27  Probe (Chrono Boost)  
  26  2:28  Twilight Council  
  29  2:37  Probe (Chrono Boost)  
  29  2:38  Stalker, Probe (Chrono Boost)  
  32  2:45  Probe (Chrono Boost)  
  32  2:47  Probe (Chrono Boost)  
  32  2:50  Probe (Chrono Boost)  
  33  2:55  Probe  
  35  3:01  Probe, Gateway  
  36  3:07  Probe (Chrono Boost)  
  36  3:12  Blink (Chrono Boost)  
  37  3:13  Probe (Chrono Boost)  
  38  3:22  Robotics Facility  
  38  3:26  Probe (Chrono Boost)  
  40  3:28  Probe (Chrono Boost)  
  40  3:31  Probe (Chrono Boost)  
  41  3:35  Assimilator  
  42  3:41  Probe x2 (Chrono Boost)  
  42  3:42  Gateway  
  42  3:43  Gateway  
  43  3:48  Pylon  
  43  3:51  Probe (Chrono Boost)  
  43  3:53  Probe (Chrono Boost)  
  45  3:56  Probe (Chrono Boost)  
  45  4:01  Assimilator  
  46  4:03  Gateway  
  46  4:06  Observer (Chrono Boost), Gateway  
  46  4:07  Stalker  
  49  4:10  Stalker  
  49  4:13  Probe  
  52  4:17  Pylon  
  52  4:24  Warp Prism (Chrono Boost)  
  54  4:37  Stalker x3  
  60  4:40  Stalker  
  60  4:45  Pylon  
  62  4:51  Pylon x2  
  61  5:08  Stalker x4  
  69  5:24  Stalker x2  
  69  5:26  Pylon  
  73  5:35  Stalker x4  
  75  5:46  Observer  
  75  5:48  Stalker x2  
  80  5:51  Pylon  
  80  5:58  Stalker x3  
  80  6:02  Stalker  
  86  6:11  Pylon  
  86  6:16  Stalker x2  
  86  6:17  Pylon  
  90  6:23  Stalker x2  
  94  6:30  Stalker x2  
  87  6:47  Stalker x3  
  90  6:54  Stalker x2  
  94  7:10  Stalker x3  
  94  7:11  Gateway  
  100  7:18  Stalker x2  
  104  7:24  Probe x2  
  104  7:28  Forge  
  106  7:32  Pylon  
  106  7:34  Stalker  
  106  7:35  Stalker  
  110  7:43  Stalker x2  
  114  7:48  Stalker  
  116  7:53  Pylon  
  116  8:16  Stalker x5  
Show
View Real Time Build Order
Export as new Build Order

Scarlett Zerg 

Build Orders: Hatch First 

Get SALT Encoding   

  12  0:00  Drone  
  13  0:08  Drone  
  14  0:32  Hatchery  
  13  0:37  Extractor  
  13  0:38  Drone  
  14  0:45  Overlord  
  14  0:59  Spawning Pool  
  14  1:03  Drone  
  14  1:08  Drone  
  15  1:11  Drone  
  15  1:15  Drone  
  17  1:26  Drone  
  18  1:36  Drone  
  19  1:44  Drone  
  19  1:46  Queen  
  20  1:47  Queen  
  20  1:50  Zergling x2  
  25  1:56  Extractor  
  25  1:57  Drone  
  25  2:00  Overlord  
  25  2:06  Drone  
  26  2:10  Drone  
  27  2:17  Drone  
  27  2:20  Drone  
  29  2:23  Queen  
  33  2:38  Hatchery  
  33  2:39  Drone  
  33  2:43  Drone x2  
  33  2:45  Overlord  
  33  2:56  Drone x3  
  36  3:02  Overlord  
  36  3:09  Drone x5  
  41  3:19  Drone x2  
  43  3:20  Queen  
  45  3:31  Drone x6  
  51  3:35  Overlord, Drone, Extractor  
  51  3:39  Lair  
  51  3:45  Extractor  
  50  3:48  Drone x2  
  50  3:51  Overlord  
  50  3:52  Drone x2, Extractor  
  53  3:59  Roach Warren  
  53  4:00  Drone x2  
  54  4:04  Drone x3  
  57  4:11  Drone x4  
  57  4:15  Overlord  
  61  4:19  Spore Crawler  
  61  4:24  Overlord  
  60  4:32  Overlord x2  
  60  4:38  Glial Reconstitution  
  60  4:39  Roach x5  
  60  4:44  Roach x2  
  73  4:47  Overseer  
  73  4:49  Overlord  
  73  4:50  Roach  
  75  4:54  Roach  
  77  5:00  Evolution Chamber  
  74  5:07  Ravager x4  
  74  5:10  Roach x2  
  74  5:13  Roach  
  82  5:15  Roach  
  82  5:16  Roach, Zergling x12  
  88  5:22  Roach x2, Zergling x2  
  88  5:27  Ravager  
  94  5:33  Zergling x2, Roach  
  94  5:34  Zergling x4, Roach  
  96  5:35  Ravager  
  96  5:41  Zergling x2, Roach x3  
  100  5:47  Overlord  
  100  5:48  Zergling x6  
  100  5:49  Ravager  
  101  5:55  Zergling x2, Overlord  
  102  5:58  Roach  
  102  6:03  Zergling x2, Ravager  
  105  6:08  Ravager  
  105  6:10  Roach x2, Zergling x2  
  108  6:13  Roach  
  108  6:14  Queen  
  111  6:18  Ravager  
  111  6:19  Zergling x2  
  106  6:26  Roach x2  
  106  6:30  Ravager  
  106  6:31  Zergling x4  
  110  6:38  Roach  
  103  6:43  Roach  
  103  6:44  Roach  
  96  6:47  Roach  
  96  6:49  Ravager  
  96  6:50  Queen  
  96  6:51  Queen  
  96  6:53  Roach x2  
  109  6:54  Overseer  
  106  7:03  Infestation Pit  
  106  7:08  Zergling x2  
  104  7:10  Zergling x4  
  107  7:15  Zergling x2  
  107  7:17  Overlord  
  107  7:27  Overlord  
  107  7:30  Overlord  
  107  7:34  Overlord  
  107  7:38  Overlord  
  107  7:43  Queen x2  
  109  7:44  Infestor  
  109  7:46  Infestor  
  109  7:48  Roach x3  
  109  7:49  Ravager  
  117  7:53  Roach, Zergling x4  
  118  7:59  Roach  
  118  8:00  Ravager  
  118  8:04  Roach  
Tags
 
Add a new tag
Caveats
  • Supply blocks, unpowered buildings, or Contaminate may cause inaccurate times.
  • Supply counts are checked every 10 seconds.